 Dungeon Crawl Stone Soup version 0.30-a0-772-g5528072125 (webtiles) character file.

Game seed: 8397045315353881719

792 Farfigtubin the Conjurer (level 7, -15/36 HPs)
             Began as a Deep Elf Conjurer on Feb 11, 2023.
             Was an Initiate of Gozag.
             Demolished by Duvessa
             ... wielding a +0 rapier
              (17 damage)
             ... on level 6 of the Dungeon on Feb 13, 2023.
             The game lasted 00:38:18 (3270 turns).

Farfigtubin the Conjurer (Deep Elf Conjurer)        Turns: 3270, Time: 00:38:19

Health: -15/36     AC:  4    Str:  4    XL:     7   Next: 57%
Magic:  14/28      EV: 14    Int: 25    God:    Gozag
Gold:   156        SH:  0    Dex: 19    Spells: 10/20 levels left

rFire   . . .      SeeInvis .    (no weapon)
rCold   . . .      Faith    .    (no shield)
rNeg    . . .      Spirit   .    a - +0 robe
rPois   .          Reflect  .    k - +1 helmet
rElec   .          Harm     .    (no cloak)
rCorr   .          Rampage  .    (no gloves)
Will    .....                    (no boots)
Stlth   +++                      f - amulet of the acrobat
HPRegen 0.26/turn                j - +6 ring of dexterity
MPRegen 0.21/turn                x - ring of magical power

@: very slightly contaminated
A: no striking features
a: Renounce Religion, Potion Petition, Call Merchant, Bribe Branch


You were on level 6 of the Dungeon.
You worshipped Gozag.
Gozag was aware of your devotion.
You visited 1 branch of the dungeon, and saw 6 of its levels.

You collected 230 gold pieces.
You paid 74 gold pieces to Gozag.

Inventory:

Armour
 a - a +0 robe (worn)
 k - a +1 helmet (worn)
Magical Staves
 c - a staff of fire
Jewellery
 f - an amulet of the acrobat (around neck)
 j - a +6 ring of dexterity (left hand)
 m - a ring of willpower
 x - a ring of magical power (right hand)
 B - a ring of flight
Wands
 p - a wand of polymorph (7)
Scrolls
 e - 2 scrolls of teleportation {unknown}
 g - a scroll of poison {unknown}
 h - 2 scrolls of immolation {unknown}
 i - a scroll of silence {unknown}
 l - 2 scrolls of fear {unknown}
 n - a scroll of enchant armour {unknown}
 q - a scroll of vulnerability {unknown}
 r - 5 scrolls of identify {unknown}
 t - a scroll of blinking {unknown}
 v - 3 scrolls of magic mapping {unknown}
 y - a scroll of amnesia {unknown}
Potions
 b - a potion of magic
 d - 4 potions of heal wounds {unknown}
 o - 2 potions of attraction {unknown}
 s - a potion of curing {unknown}
 u - 2 potions of haste {unknown}
 w - a potion of degeneration {unknown}
 z - a potion of mutation {unknown}
 A - 2 potions of lignification {unknown}


   Skills:
 - Level 0.1 Fighting
 + Level 4.0 Dodging
 + Level 3.2 Stealth
 + Level 7.4 Spellcasting
 + Level 7.7 Conjurations
 + Level 0.8 Hexes


You had 10 spell levels left.
You knew the following spells:

 Your Spells              Type           Power      Damage    Failure   Level
a - Magic Dart            Conj           100%       1d8       1%          1
b - Searing Ray           Conj           96%        2d7       1%          2
c - Fulminant Prism       Conj/Hex       15%        3d10      11%         4
d - Hailstorm             Conj/Ice       28%        3d8       3%          3

Your spell library contained the following spells:

 Spells                   Type           Power      Damage    Failure   Level
 Dazzling Flash           Conj/Hex       60%        N/A       3%          3
 Freeze                   Ice            36%        1d5       6%          1
 Scorch                   Fire           18%        2d6       10%         2
 Flame Wave               Conj/Fire      28%        2d9       13%         4
 Iskenderun's Mystic Bla  Conj/Tloc      28%        2d7       13%         4
 Frozen Ramparts          Ice            18%        1d3       19%         3
 Starburst                Conj/Fire      14%        6d6       90%         6
 Summon Cactus Giant      Summ           4%         N/A       100%        6


Dungeon Overview and Level Annotations

Branches:
Dungeon (6/15)
 Temple: D:4-7

Altars:
Gozag
Kikubaaqudgha
Nemelex Xobeh
Ru
Wu Jian
Yredelemnul

Annotations:
D:3 1 runed translucent door, tarna41's ghost, amateur MiBe
D:6 Duvessa


Message History

You miscast Fulminant Prism.
You feel enfeebled.
You feel yourself slow down.
Duvessa is distracted by your dazzling golden aura.
Duvessa is no longer distracted by gold.
Duvessa rages.
Duvessa closely misses you. Duvessa barely misses you.
Duvessa rages.
Duvessa completely misses you. Duvessa attacks as you move away!
Duvessa misses you. Duvessa completely misses you.
Duvessa completely misses you.
You feel yourself speed up. Duvessa closely misses you. Duvessa misses you.
Duvessa attacks as you move away! Duvessa hits you with a +0 rapier!
Duvessa barely misses you.
Casting: Fulminant Prism (quite dangerous; 11% risk of failure)
Confirm with . or Enter, or press ? or * to list all spells.
Aiming: Searing Ray (safe; 1% risk of failure)
Press: ? - help, Shift-Dir - straight line, f - Duvessa
Aim: Duvessa, wielding a +0 rapier and wearing a +0 leather armour (heavily wounded, berserk, 85% to hit)
The searing ray hits Duvessa but does no damage.
Duvessa is heavily wounded. (Press . to maintain the ray.) Duvessa hits you with a +0 rapier.
Duvessa completely misses you. Duvessa attacks as you move away!
Duvessa hits you but does no damage. Duvessa hits you with a +0 rapier!!
Ouch! That really hurt!
* * * LOW HITPOINT WARNING * * *
Okay, then.
Casting: Searing Ray (safe; 1% risk of failure)
Confirm with . or Enter, or press ? or * to list all spells.
Aiming: Searing Ray (safe; 1% risk of failure)
Press: ? - help, Shift-Dir - straight line, f/p - Duvessa
Aim: Duvessa, wielding a +0 rapier and wearing a +0 leather armour (heavily wounded, berserk, 85% to hit)
The searing ray hits Duvessa.
Duvessa is heavily wounded. (Press . to maintain the ray.) Duvessa hits you with a +0 rapier!
You die...
Your body crumbles into a pile of gold.

.......#
#.......#########.######
.......#
#.......................
...#####
#......#########........
... #......# #........
#......#########........
#.......##..(...........
#.......##...)..........
#######e##..............
#@#...............
#.#.#####.........
###.#.#####.........
#...........#.######
#........(..#.#
#....<......#.######
#.............##....
#...........#.##.### $
#.............##.#..


You could see Duvessa (berserk).

Vanquished Creatures
  Grinder (D:3)
  A black bear (D:5)
  A phantom (D:5)
  A kobold brigand (D:5)
  2 scorpions (D:5)
  Dowan (D:6)
  2 jellies (D:5)
  An orc priest (D:5)
  An iguana (D:6)
  2 adders
  An ufetubus (D:5)
  A worm (D:4)
  6 orcs
  A ball python (D:2)
  6 endoplasms
  2 giant cockroaches
  3 goblins
  4 hobgoblins
  6 jackals
  10 kobolds
  A frilled lizard (D:3)
  10 rats
64 creatures vanquished.

Vanquished Creatures (others)
  8 fulminant prisms
  13 plants
21 creatures vanquished.

Grand Total: 85 creatures vanquished

Notes
Turn   | Place    | Note
-------+----------+-------------------------------------------
     0 | D:1      | Farfigtubin the Deep Elf Conjurer began the quest for the
                  | Orb.
     0 | D:1      | Reached XP level 1. HP: 10/10 MP: 6/6
   318 | D:1      | Upgraded the game from 0.30-a0-760-g5a9884bb7c to
                  | 0.30-a0-772-g5528072125
   377 | D:1      | Found a faded altar of an unknown god.
   399 | D:1      | Reached XP level 2. HP: 15/15 MP: 4/8
   726 | D:2      | Learned a level 2 spell: Searing Ray
   820 | D:2      | Reached skill level 5 in Conjurations
  1017 | D:2      | Found an ancient bone altar of Kikubaaqudgha.
  1438 | D:3      | Reached XP level 3. HP: 19/19 MP: 4/9
  1451 | D:3      | Found an ornate altar of the Wu Jian Council.
  1531 | D:3      | Found a sparkling altar of Nemelex Xobeh.
  1720 | D:3      | Noticed Grinder
  1744 | D:3      | Killed Grinder
  1745 | D:3      | Reached skill level 5 in Spellcasting
  1745 | D:3      | Reached XP level 4. HP: 11/24 MP: 0/13
  1745 | D:3      | Reached XP level 5. HP: 13/28 MP: 0/14
  1834 | D:3      | Learned a level 4 spell: Fulminant Prism
  1860 | D:3      | Found a runed translucent door.
  1860 | D:3      | Noticed tarna41's ghost (amateur MiBe)
  1932 | D:3      | Found a sacrificial altar of Ru.
  2003 | D:3      | Found a basalt altar of Yredelemnul.
  2374 | D:5      | Entered Level 5 of the Dungeon
  2380 | D:5      | Reached XP level 6. HP: 32/32 MP: 16/16
  2450 | D:5      | Learned a level 3 spell: Hailstorm
  2662 | D:5      | Reached XP level 7. HP: 28/36 MP: 17/19
  2689 | D:5      | Found an opulent altar of Gozag.
  2807 | D:5      | Became a worshipper of Gozag Ym Sagoz the Greedy
  3243 | D:6      | Noticed Dowan
  3247 | D:6      | Noticed Duvessa
  3252 | D:6      | Killed Dowan
  3270 | D:6      | Demolished by Duvessa

Illustrated notes

Levels and vault maps discovered:
D:1:      heliophobic_arrival_ceremonial_halls, layout_basic,
          shapermc_ecumenical_altar_venn
D:2:      layout_basic, basic_altar, serial_forest, infiniplex_forest_lined_2,
          infiniplex_forest_side_room, infiniplex_forest_straight_2,
          infiniplex_forest_clump_C, infiniplex_forest_end_3,
          infiniplex_forest_clump_long, infiniplex_forest_corner_2
D:3:      layout_basic, mainiacjoe_overflow_small_starburst,
          nemelex_dance_club_becter, general_overflow_altar, old_standard_altar,
          gammafunk_ghost_grave, kennysheep_generic_room_8, uniq_grinder
D:4:      layout_gridville, makhleb_heckhound_becter
D:5:      layout_rooms, mainiacjoe_overflow_alcove_4, dreamdust_princess_bridge,
          nicolae_kite_square_tiling_tiny, kennysheep_nondescript,
          serial_bayou_pond_a
D:6:      layout_basic, gup_sewer_entry_spiral, uniq_edmund, uniq_duvessa

Skill      XL: |  1  2  3  4  5  6  7 |
---------------+----------------------+-----
Conjurations   | 5 6 7 |  7.7
Dodging        | 3 4 |  4.0
Spellcasting   | 5 6 7 |  7.4
Stealth        | 3 |  3.2
Fighting       | |  0.1
Hexes          | |  0.8

Action                     |  1- 3 |  4- 6 |  7- 9 || total
---------------------------+-------+-------+-------++-------
   Cast: Magic Dart        |    77 |    50 |    10 ||   137
         Searing Ray       |     1 |       |     5 ||     6
         Fulminant Prism   |       |     4 |     4 ||     8
         Hailstorm         |       |       |     1 ||     1
 Armour: Robe              |    10 |     2 |     3 ||    15
  Dodge: Dodged            |    61 |    11 |    21 ||    93

Table legend: (Time is in decaauts)
 A = Elapsed time spent in this place.
 B = Non-inter-level travel time spent in this place.
 C = Inter-level travel time spent in this place.
 D = Time resting spent in this place.
 E = Time spent auto-exploring this place.
 F = Levels seen in this place.
 G = Mean time per level.
                   A        B        C        D        E       F      G
               +--------+--------+--------+--------+--------+-----+--------+
         Total |   3277 |   3277 |      0 |    276 |    127 |   6 |  546.2 |
       Dungeon |   3277 |   3277 |      0 |    276 |    127 |   6 |  546.2 |
               +--------+--------+--------+--------+--------+-----+--------+

Top non-repeatable levels by time:
     D:3: 760 daAuts
     D:2: 720 daAuts
     D:5: 665 daAuts
     D:1: 661 daAuts
     D:6: 239 daAuts
     D:4: 230 daAuts
